AoeStats
← Sid

Arabia

508593725Analyzed
2v2 RM · 10d ago on Sep 23, 2026· 76m 57s· 4 players
Game mode
Random Map
Map size
Medium (4 player)
Population
200
Speed
Normal
Resources
Standard
Victory
Conquest
Starting age
Dark Age
Ending age
Imperial Age
RankedLock teamsTeams togetherTeam positionsShared explorationLock speedFull tech treeHidden civsTurbo modeCheats
Victory
Defeat
🇺🇸 Persians · United States
1302
+13
🇨🇦 Vikings · Canada
1280
+14
🇯🇵 Varangians · Japan
1249
-13
🇯🇵 Saxons · Japan
1243
-14
fumin
5:39 Loom
10:08 Feudal Age
10:51 Double-Bit Axe
11:08 Man-at-Arms
15:17 Scale Mail Armor
22:18 Castle Age
20:53 Forging
20:27 Horse Collar
22:02 Gold Mining
22:52 Wheelbarrow
23:25 Chain Mail Armor
23:12 Squires
25:33 Iron Casting
30:02 Bow Saw
31:07 Heavy Plow
31:50 Gold Shaft Mining
33:36 Hand Cart
38:20 Imperial Age
38:24 Elite Varangian Guard
39:42 Plate Mail Armor
41:07 Hoardings
40:02 Elite Varangian Guard
41:18 Arson
45:10 Clerical Recruitment
45:13 Shield Wall
48:03 Ballistics
47:35 Guard Tower
51:56 Conscription
55:04 Clerical Recruitment
57:23 Fletching
58:52 Sanctity
59:06 Illumination
69:14 Light Cavalry
69:54 Husbandry
70:05 Bloodlines
70:02 Scale Barding Armor
74:13 Chain Barding Armor
75:08 Capped Ram
75:11 Heavy Scorpion
Sid
6:56 Loom
10:04 Feudal Age
11:16 Double-Bit Axe
12:36 Bloodlines
19:38 Wheelbarrow
21:20 Horse Collar
25:11 Castle Age
25:25 Scale Barding Armor
25:30 Forging
25:11 Gold Mining
25:13 Stone Mining
26:39 Fletching
34:54 Bodkin Arrow
41:53 Imperial Age
41:26 Hand Cart
42:44 Heavy Plow
42:20 Cavalier
43:37 Iron Casting
48:38 Light Cavalry
51:01 Chemistry
50:55 Bow Saw
51:22 Town Watch
53:10 Husbandry
54:18 Conscription
57:06 Chain Barding Armor
56:48 Heavy Scorpion
58:32 Bracer
59:22 Plate Barding Armor
59:15 Ballistics
58:52 Murder Holes
58:25 Hussar
60:11 Caravan
LRNI MarinM
0:50 Loom
14:31 Feudal Age
32:08 Double-Bit Axe
39:41 Castle Age
38:58 Gold Mining
38:39 Man-at-Arms
39:30 Forging
39:21 Scale Mail Armor
40:23 Gambesons
39:59 Long Swordsman
42:50 Squires
46:37 Padded Archer Armor
53:05 Bow Saw
52:36 Horse Collar
53:34 Gold Shaft Mining
53:38 Wheelbarrow
58:27 Imperial Age
56:39 Husbandry
56:49 Bloodlines
57:15 Iron Casting
57:36 Hand Cart
57:07 Town Watch
58:02 Murder Holes
57:59 Fletching
58:31 Ballistics
61:42 Town Patrol
61:39 Bodkin Arrow
63:18 Conscription
64:39 Caravan
65:10 Coinage
64:55 Guilds
66:16 Fervor
73:30 Banking
LRNI_Bélico
6:28 Loom
9:02 Feudal Age
9:33 Double-Bit Axe
9:33 Horse Collar
21:26 Castle Age
20:05 Scale Mail Armor
20:16 Forging
19:53 Arson
21:15 Gold Mining
22:40 Chain Mail Armor
22:12 Pikeman
27:26 Squires
30:56 Bow Saw
31:56 Iron Casting
36:23 Heavy Plow
36:50 Town Watch
37:07 Man-at-Arms
41:20 Imperial Age
38:28 Long Swordsman
39:23 Stone Mining
40:08 Gold Shaft Mining
42:44 Plate Mail Armor
43:14 Blast Furnace
41:44 Two-Handed Swordsman
42:38 Champion
43:46 Elite Varangian Guard
45:51 Fletching
46:35 Conscription
49:05 Bodkin Arrow
51:05 Chieftains
53:46 Elite Berserk
54:54 Bracer
58:13 Chemistry
62:11 Devotion
63:44 Heresy
63:28 Capped Ram
70:29 Ballistics
69:50 Treadmill Crane
76:51 Two-Man Saw
76:21 Crop Rotation
Connection lost

Rejoining the realm…

Still unreachable

The connection could not be restored.

Session expired

The server has moved on; the page needs a fresh start.